Map: Odyssée EC

Players

berkutNasty - Winner!

  • Race: Terran Terran
  • League: Silver
  • Spawn Location: 11:00

zidar

  • Race: Zerg Zerg
  • League: Gold
  • Spawn Location: 5:00

VOD

Have the link to the VOD?

Description

Time

  • Played on: June 28, 2017, 11:42 a.m.
  • Length: 10:09
Show
View Real Time Build Order
Export as new Build Order

berkutNasty Terran - Winner!

Build Orders: Gas First Reaper Expand, Hellion Banshee 

Get SALT Encoding   

  12  0:01  SCV  
  13  0:13  SCV  
  14  0:18  Supply Depot  
  14  0:25  SCV  
  15  0:30  Refinery  
  15  0:40  SCV  
  16  0:46  Barracks  
  16  0:52  SCV  
  17  1:04  SCV  
  18  1:16  SCV  
  19  1:34  Reaper, Orbital Command  
  20  1:48  Command Center  
  20  1:59  Factory  
  20  2:03  SCV  
  20  2:07  Barracks Reactor  
  21  2:15  Supply Depot  
  21  2:16  SCV  
  22  2:24  Refinery  
  22  2:28  SCV  
  23  2:40  SCV  
  24  2:48  Starport  
  24  2:52  SCV  
  24  2:53  Hellion x2  
  24  2:54  Barracks Tech Lab  
  29  3:03  Orbital Command  
  29  3:04  SCV  
  30  3:16  Hellion x2  
  34  3:25  Supply Depot  
  34  3:27  SCV  
  35  3:35  SCV  
  35  3:37  Hellion x2  
  40  3:44  Banshee  
  40  3:47  SCV  
  44  3:49  SCV  
  45  3:58  Cloaking Field  
  45  3:59  SCV  
  45  4:01  SCV  
  45  4:02  Hellion x2  
  51  4:11  SCV  
  51  4:13  SCV  
  53  4:17  Supply Depot  
  53  4:19  Supply Depot  
  53  4:23  SCV  
  54  4:33  Barracks Tech Lab  
  54  4:38  SCV, Banshee  
  54  4:39  Hellion x2  
  54  4:44  Armory  
  54  4:45  Supply Depot  
  61  4:46  SCV  
  61  4:51  SCV  
  61  4:52  Supply Depot  
  63  4:58  SCV  
  64  5:01  Stimpack  
  64  5:03  SCV  
  65  5:09  Factory Reactor  
  66  5:14  Barracks x2, SCV  
  66  5:18  Marine  
  67  5:23  SCV  
  68  5:33  Command Center, SCV  
  67  5:39  SCV  
  68  5:43  Refinery  
  68  5:44  Refinery  
  68  5:45  Engineering Bay  
  68  5:46  Starport Reactor  
  68  5:47  Engineering Bay  
  68  5:56  SCV x2  
  70  6:04  Barracks x2  
  70  6:08  SCV  
  70  6:09  SCV  
  72  6:13  Terran Infantry Weapons Level 1, Terran Infantry Armor Level 1  
  72  6:14  Marine x3, Siege Tank  
  78  6:21  SCV x2  
  78  6:23  Medivac x2  
  84  6:25  Marine  
  84  6:32  Terran Vehicle Weapons Level 1  
  85  6:33  SCV  
  86  6:44  Marine x5, SCV  
  92  6:49  SCV  
  93  6:56  SCV, Supply Depot  
  93  6:57  Marine x2, Refinery  
  93  6:59  Siege Tank  
  99  7:01  Combat Shield  
  99  7:02  Medivac  
  101  7:09  Supply Depot  
  101  7:15  Orbital Command  
  101  7:17  Marine, SCV x2  
  101  7:22  Barracks Reactor  
  104  7:25  Factory, Barracks Reactor  
  104  7:29  SCV x2  
  104  7:39  Marine x3  
  104  7:40  Siege Tank, Medivac  
  104  7:41  SCV  
  104  7:42  SCV  
  114  7:52  Marine x2  
  114  7:54  SCV  
  117  7:59  Supply Depot  
  117  8:00  Supply Depot  
  117  8:02  Supply Depot x2  
  117  8:03  Supply Depot  
  117  8:04  Refinery  
  117  8:14  Factory Tech Lab  
  117  8:20  Marine x5, Supply Depot, Medivac  
  117  8:21  Marine x4, SCV x3  
  117  8:23  Siege Tank  
  134  8:33  SCV  
  135  8:43  Marine  
  135  8:44  Marine x4  
  135  8:47  Marine x3  
  143  8:53  Marine  
  144  8:58  Supply Depot  
  144  8:59  Supply Depot  
  144  9:01  Marine x2  
  144  9:02  Marine x3  
  149  9:04  Marine  
  150  9:12  Marine x3  
  150  9:13  Siege Tank, Medivac x2  
  160  9:25  Supply Depot  
  160  9:28  Supply Depot  
  160  9:30  Command Center  
  160  9:36  SCV  
  160  9:37  SCV  
  162  9:38  Marine x2  
  162  9:39  Marine x3  
  170  9:49  Supply Depot  
Show
View Real Time Build Order
Export as new Build Order

zidar Zerg 

Build Orders: Hatch First 

Get SALT Encoding   

  12  0:02  Drone  
  13  0:12  Overlord  
  13  0:17  Drone  
  14  0:30  Drone x2  
  16  0:50  Hatchery  
  16  0:53  Drone  
  16  0:56  Extractor  
  15  0:58  Drone  
  16  1:16  Spawning Pool  
  16  1:17  Drone  
  16  1:24  Drone  
  17  1:26  Drone  
  17  1:32  Drone  
  19  2:02  Metabolic Boost  
  19  2:04  Queen x2  
  19  2:08  Drone  
  24  2:13  Overlord  
  24  2:18  Zergling x2  
  24  2:20  Zergling x2  
  25  2:24  Zergling x2  
  26  2:56  Drone x6  
  32  3:05  Baneling Nest  
  31  3:30  Overlord x3  
  34  3:34  Drone x3  
  33  3:53  Queen  
  33  3:54  Roach Warren  
  33  3:55  Queen  
  36  4:04  Zergling x8  
  36  4:05  Zergling x6  
  43  4:27  Overlord  
  43  4:28  Overlord  
  43  4:54  Roach x3  
  43  4:55  Roach x8  
  65  5:00  Overlord  
  65  5:19  Ravager x2  
  65  5:20  Ravager  
  59  5:42  Spore Crawler  
  57  5:47  Spore Crawler  
  57  5:48  Roach  
  57  5:49  Roach x2  
  62  6:04  Drone x8  
  70  6:18  Extractor  
  69  6:20  Extractor, Ravager  
  69  6:55  Roach x4  
  77  7:23  Overlord x5  
  72  7:52  Lair  
  72  8:14  Hatchery x2  
  70  8:20  Roach x5  
  70  8:25  Hatchery  
  79  8:58  Overseer  
  79  9:09  Extractor  
  72  9:52  Drone x8  
  80  9:53  Drone x6  
Tags
 
Add a new tag
Caveats
  • Supply blocks, unpowered buildings, or Contaminate may cause inaccurate times.
  • Supply counts are checked every 10 seconds.